 Dungeon Crawl Stone Soup version 0.26.0-45-g9c1d065592 (webtiles) character file.

Game seed: 14439151607171251842

193 kaeus the Sneak (level 5, -7/37 HPs)
             Began as an Octopode Monk on Jan 28, 2021.
             Mangled by Duvessa
             ... wielding a +0 short sword
              (12 damage)
             ... on level 4 of the Dungeon.
             The game lasted 00:03:11 (3561 turns).

kaeus the Sneak (Octopode Monk)                     Turns: 3561, Time: 00:03:12

Health: -7/37      AC:  1    Str: 10    XL:     5   Next: 72%
Magic:  5/5        EV: 14    Int: 12    God:
Gold:   209        SH:  5    Dex: 16    Spells: 4/4 levels left

rFire    . . .     SeeInvis .   a - +1 short sword
rCold    . . .     Faith    .   q - +1 buckler
rNeg     . . .     Spirit   .   (helmet restricted)
rPois    .         Reflect  .   (no amulet)
rElec    .         Harm     .   (no ring)
rCorr    .         Rampage  .   (no ring)
Will     .....                  (no ring)
Stlth    ++++......             (no ring)
HPRegen  0.12/turn              (no ring)
MPRegen  0.09/turn              (no ring)
                                (no ring)
                                (no ring)

@: no status effects
A: almost no armour, stealthy swim, amphibious, 8 rings, constrict 8, camouflage
1, gelatinous body 1
a: no special abilities


You were on level 4 of the Dungeon.
You visited 1 branch of the dungeon, and saw 4 of its levels.

You collected 209 gold pieces.

Inventory:

Hand Weapons
 a - a +1 short sword (weapon)
Armour
 q - a +1 buckler (worn)
Wands
 m - a wand of polymorph (7)
Scrolls
 b - 2 scrolls of fog
 g - 3 scrolls of identify
Potions
 c - 3 potions of curing
 f - 3 potions of haste
 h - a potion of mutation {unknown}
 j - a potion of attraction {unknown}
 p - a potion of invisibility {unknown}


   Skills:
 + Level 3.8 Fighting
 + Level 3.8 Short Blades
 + Level 3.7 Dodging
 * Level 5.4 Stealth
 * Level 0.8 Shields


You had 4 spell levels left.
You didn't know any spells.
Your spell library was empty.

Dungeon Overview and Level Annotations

Branches:
Dungeon (4/15)
 Temple: D:4-7

Altars:
Elyvilon
Qazlal

Annotations:
D:3 3 runed translucent doors, Calibrex's ghost, amateur HuMo
D:4 Duvessa


Innate Abilities, Weirdness & Mutations

You cannot wear most types of armour.
You are very stealthy in the water. (Stealth+)
You are amphibious.
You can wear up to eight rings at the same time.
You can use your tentacles to constrict eight enemies at once.
Your skin changes colour to match your surroundings (Stealth+).
Your rubbery body absorbs attacks. (AC +1, EV +1)


Message History

Duvessa goes berserk!
Duvessa hits you with a +0 short sword.
You take 5 damage, and have 25/37 hp.
Duvessa hits you with a +0 short sword!
* * * LOW HITPOINT WARNING * * *
Things that are here:
a +0 dagger; a +0 robe; the elf corpse of Dowan You take 14 damage, and have 11/37 hp.
MASSIVE DAMAGE!!
You hit Duvessa but do no damage. You grab Duvessa. You constrict Duvessa.
Duvessa closely misses you.
You hit Duvessa but do no damage.
Duvessa is lightly wounded.
You constrict Duvessa, but do no damage.
Duvessa hits you with a +0 short sword.
* * * LOW HITPOINT WARNING * * *
You block Duvessa's attack.
You take 6 damage, and have 5/37 hp.
You hit Duvessa but do no damage.
You constrict Duvessa, but do no damage.
Duvessa hits you with a +0 short sword!
You die...

........## ####...###.....<
#........##.....##............#.#
#.#...(..#8.....8#............#.#
#.#...##.##.....##..............#
.........##8...8 #...............
#.#.###### ##_## #...............
#.#......# #######..........#+#..
#.###########...##.........)# #..
#...........'...@e..#.........
#############...###.#.########
##### #+#.# ..# .#


You could see Duvessa (berserk).

Vanquished Creatures
  Dowan (D:4)
  Jessica (D:2)
  5 adders
  An ooze (D:2)
  A dart slug (D:2)
  5 leopard geckos
  5 orcs (D:3)
  3 giant cockroaches
  4 goblins
  3 hobgoblins
  9 jackals (D:1)
  A ball python (D:3)
  A bat (D:1)
  2 frilled lizards
  6 kobolds
  9 rats
57 creatures vanquished.

Notes
Turn   | Place    | Note
-------+----------+-------------------------------------------
     0 | D:1      | kaeus the Octopode Monk began the quest for the Orb.
     0 | D:1      | Reached XP level 1. HP: 16/16 MP: 1/1
    40 | D:1      | Reached skill level 3 in Stealth
    46 | D:1      | Reached XP level 2. HP: 5/21 MP: 2/2
   648 | D:1      | Reached XP level 3. HP: 25/26 MP: 3/3
  1162 | D:2      | Reached skill level 4 in Stealth
  1211 | D:2      | You fall into a shaft and drop 2 floors!
  1224 | D:4      | Found a stormy altar of Qazlal.
  1255 | D:4      | Noticed an ogre
  1321 | D:4      | Found a white marble altar of Elyvilon.
  1889 | D:3      | Reached XP level 4. HP: 31/31 MP: 4/4
  2361 | D:2      | You fall into a shaft and drop 2 floors!
  2361 | D:4      | Noticed Dowan
  2361 | D:4      | Noticed Duvessa
  2477 | D:3      | Found a runed translucent gate.
  2479 | D:3      | Found a runed translucent gate.
  2480 | D:3      | Found a runed translucent gate.
  2480 | D:3      | Noticed Calibrex's ghost (amateur HuMo)
  2820 | D:2      | Noticed Jessica
  2830 | D:2      | Killed Jessica
  2831 | D:2      | Reached XP level 5. HP: 28/36 MP: 5/5
  2949 | D:2      | Reached skill level 5 in Stealth
  3557 | D:4      | Killed Dowan
  3561 | D:4      | Mangled by Duvessa

Illustrated notes

Levels and vault maps discovered:
D:1:      dpeg_arrival_another_circle, layout_basic
D:2:      layout_basic, hangedman_decor_growths, uniq_jessica
D:3:      layout_basic, gammafunk_ghost_necromancy
D:4:      layout_basic, nicolae_overflow_hidden_temple, lemuel_doored_altar,
          uniq_duvessa, uniq_blork_the_orc

Skill      XL: |  1  2  3  4  5 |
---------------+----------------+-----
Stealth        | 3 4 5 |  5.4
Fighting       | |  3.8
Short Blades   | |  3.8
Dodging        | |  3.7
Shields        | |  0.8

Action                   |  1- 3 |  4- 6 || total
-------------------------+-------+-------++-------
Melee: Short sword       |    80 |    37 ||   117
       Constrict         |    20 |     8 ||    28
       Tentacles         |     6 |     7 ||    13
  Use: Scroll            |       |    10 ||    10
 Stab: Sleeping          |    12 |     9 ||    21
Armor: Skin              |     9 |       ||     9
Dodge: Dodged            |    84 |    12 ||    96
Block: Buckler           |       |     2 ||     2
